 Dungeon Crawl Stone Soup version 0.28-a0-628-g3c9886e45e (webtiles) character file.

Game seed: 11256599476962939537

170 kae the Ruffian (level 5, 0/50 (53) HPs)
             Began as a Troll Fighter on Oct 8, 2021.
             Killed by divine providence
             ... invoked by an orc priest
              (15 damage)
             ... on level 4 of the Dungeon.
             The game lasted 00:01:40 (1978 turns).

kae the Ruffian (Troll Fighter)                     Turns: 1978, Time: 00:01:41

HP:   0/50 (53)     AC:  4    Str: 25    XL:     5   Next: 25%
MP:   4/4           EV:  8    Int:  4    God:
Gold: 142           SH:  7    Dex:  9    Spells: 4/4 levels left

rFire   . . .      SeeInvis .     - Unarmed
rCold   . . .      Faith    .   b - +0 kite shield
rNeg    . . .      Spirit   .   a - +0 robe
rPois   .          Reflect  .   (helmet restricted)
rElec   .          Harm     .   (no cloak)
rCorr   .          Rampage  .   (gloves unavailable)
Will    .....                   (boots unavailable)
Stlth   +.........              (no amulet)
HPRegen 1.16/turn               (no ring)
MPRegen 0.09/turn               (no ring)

@: drained
A: large, unfitting armour, claws 3, regeneration 1, shaggy fur 1, tough skin 1
a: no special abilities


You were on level 4 of the Dungeon.
You visited 1 branch of the dungeon, and saw 4 of its levels.

You collected 142 gold pieces.

Inventory:

Armour
 a - a +0 robe (worn)
 b - a +0 kite shield (worn)
Scrolls
 e - a scroll of fear
 h - 3 scrolls of teleportation
Potions
 c - a potion of might
 d - a potion of magic
 f - 2 potions of lignification
 g - a potion of ambrosia {unknown}
 i - a potion of invisibility {unknown}


   Skills:
 + Level 3.2 Fighting
 + Level 3.2 Dodging
 - Level 2.4 Shields
 * Level 4.1 Unarmed Combat


You had 4 spell levels left.
You didn't know any spells.
Your spell library contained the following spells:

 Spells                   Type           Power      Damage    Failure   Level
 Foxfire                  Conj/Fire      0%         2x1d4     93%         1
 Static Discharge         Conj/Air       0%         N/A       98%         2
 Conjure Flame            Conj/Fire      0%         6-21      100%        3
 Inner Flame              Hex/Fire       0%         N/A       100%        3
 Flame Wave               Conj/Fire      0%         3d3       100%        4
 Lightning Bolt           Conj/Air       0%         1d11      100%        5
 Maxwell's Capacitive Co  Air            0%         ∞         100%        8


Dungeon Overview and Level Annotations

Branches:
Dungeon (4/15)             Temple (0/1) D:4

Altars:
Cheibriados


Innate Abilities, Weirdness & Mutations

You are too large for most types of armour.
You have claws for hands.
Your natural rate of healing is unusually fast.
You are covered in fur. (AC +1)
You have tough skin. (AC +1)


Message History

You barely miss the orc. The orc hits you with a +0 whip.
You scratch the orc but do no damage. You block the orc's attack.
You claw the orc!
You kill the orc!
You block the orc priest's attack.
Items here: )) [ ††.
You scratch the orc priest.
The orc priest is lightly wounded.
You block the orc priest's attack.
You barely miss the orc priest.
The orc priest is lightly wounded.
You block the orc priest's attack. The orc priest hits you with a +0 whip.
You claw the orc priest!
The orc priest is almost dead.
The orc priest invokes the aid of Beogh against you.
Beogh smites you!
You barely miss the orc priest.
The orc priest is almost dead.
The orc priest hits you with a +0 whip.
You are too injured to fight recklessly!
You are too injured to fight recklessly!
You are too injured to fight recklessly!
You are too injured to fight recklessly!
You are too injured to fight recklessly!
You barely miss the orc priest.
The orc priest is almost dead.
The orc priest hits you with a +0 whip.
You closely miss the orc priest.
The orc priest is almost dead.
The orc priest calls down the wrath of Beogh upon you.
Pain shoots through your body!
Your shield prevents you from hitting the orc priest.
The orc priest is almost dead.
The orc priest hits you with a +0 whip.
* * * LOW HITPOINT WARNING * * *
You closely miss the orc priest.
The orc priest is almost dead.
The orc priest calls down the wrath of Beogh upon you.
Beogh smites you!
You die...

###### ..... ### .... ..
... #.# #.#.... #.#
#...... .# #.# . #
#.o##.##.# ...
.>#.##)@##.##.# #.#
......).##.##.## #.#
.......>##.##..# #.#
###.#.........#.####.###
# #.#.)....###........
...#..#)#..#.#[#####.
#####..#.#...##.#####.
##### #..#.#..###.##)...
####...## #.......#
#.##.##.


You could see an orc priest.

Vanquished Creatures
  3 adders
  6 gnolls
  An adder skeleton (D:4)
  3 dart slugs
  5 orcs (D:4)
  5 ball pythons
  5 endoplasms
  2 giant cockroaches
  5 hobgoblins
  7 jackals (D:2)
  3 quokkas (D:1)
  8 bats
  3 frilled lizards (D:3)
  3 goblins
  6 kobolds
  6 rats
71 creatures vanquished.

Notes
Turn   | Place    | Note
-------+----------+-------------------------------------------
     0 | D:1      | kae the Troll Fighter began the quest for the Orb.
     0 | D:1      | Reached XP level 1. HP: 22/22 MP: 0/0
    77 | D:1      | Reached XP level 2. HP: 25/29 MP: 1/1
   434 | D:1      | Reached XP level 3. HP: 36/36 MP: 2/2
   652 | D:1      | Reached skill level 3 in Unarmed Combat
   817 | D:2      | Reached XP level 4. HP: 21/44 MP: 3/3
  1200 | D:3      | Found a snail-covered altar of Cheibriados.
  1739 | D:4      | Reached XP level 5. HP: 34/53 MP: 4/4
  1763 | D:4      | Reached skill level 4 in Unarmed Combat
  1913 | D:4      | Found a staircase to the Ecumenical Temple.
  1978 | D:4      | Killed from afar by an orc priest

Illustrated notes

Levels and vault maps discovered:
D:1:      dpeg_arrival_fog, layout_loops_ring
D:2:      layout_rooms, chequers_serial_rivers_small_3
D:3:      layout_loops_ring, lemuel_round_altar
D:4:      layout_loops_cross, minmay_temple_entry_statues_pillars

Skill      XL: |  1  2  3  4  5 |
---------------+----------------+-----
Unarmed Combat | 3 4 |  4.1
Fighting       | 3 |  3.2
Dodging        | 3 |  3.2
Shields        | |  2.4

Action                   |  1- 3 |  4- 6 || total
-------------------------+-------+-------++-------
Melee: Unarmed           |   100 |   105 ||   205
  Use: Scroll            |     6 |     2 ||     8
 Stab: Sleeping          |     1 |       ||     1
Armor: Robe              |    31 |    29 ||    60
Dodge: Dodged            |    26 |    26 ||    52
Block: Kite shield       |    41 |    50 ||    91

Table legend: (Time is in decaauts)
 A = Elapsed time spent in this place.
 B = Non-inter-level travel time spent in this place.
 C = Inter-level travel time spent in this place.
 D = Time resting spent in this place.
 E = Time spent auto-exploring this place.
 F = Levels seen in this place.
 G = Mean time per level.
                   A        B        C        D        E       F      G
               +--------+--------+--------+--------+--------+-----+--------+
         Total |   2017 |   1910 |    107 |      2 |   1407 |   4 |  504.2 |
       Dungeon |   2017 |   1910 |    107 |      2 |   1407 |   4 |  504.2 |
               +--------+--------+--------+--------+--------+-----+--------+

Top non-repeatable levels by time:
     D:1: 750 daAuts
     D:3: 599 daAuts
     D:2: 385 daAuts
     D:4: 282 daAuts
